 Dungeon Crawl Stone Soup version 0.21-a0-272-g984ae92 (webtiles) character file.

319676 buckfaster the Brawler (level 20, -7/208 HPs)
             Began as a Troll Monk on Sept 15, 2017.
             Was the Champion of Okawaru.
             Killed from afar by Margery (19 damage)
             ... with a bolt of fire
             ... on level 4 of the Vaults.
             The game lasted 01:37:53 (41163 turns).

buckfaster the Brawler (Troll Monk)                Turns: 41163, Time: 01:37:53

Health: -7/208     AC: 28    Str: 35    XL:     20   Next: 60%
Magic:  20/25      EV: 11    Int:  6    God:    Okawaru [******]
Gold:   1772       SH: 24    Dex: 12    Spells: 19/19 levels left

rFire    + + .     SeeInvis +     - Unarmed
rCold    x . .     Gourm    +   A - +0 large shield of Wawud {MR++}
rNeg     . . .     Faith    .   O - +6 fire dragon scales
rPois    .         Spirit   .   X - +2 hat {SInv}
rElec    .         Reflect  .   k - +2 cloak {+Inv}
rCorr    .         Harm     .   (gloves unavailable)
MR       +++..                  (boots unavailable)
Stlth    +.........             (no amulet)
HPRegen  0.84/turn              D - +5 ring of protection
MPRegen  0.19/turn              U - ring of flight

@: mighty, heroism, finesse, corroded, very slightly contaminated, drained
A: unfitting armour, claws 3, fast metabolism 3, gourmand, regeneration 1,
shaggy fur 1, tough skin 2
}: 2/15 runes: serpentine, barnacled
a: Heroism, Finesse, Renounce Religion, Evoke Invisibility, Evoke Flight


You were on level 4 of the Vaults.
You worshipped Okawaru.
Okawaru was exalted by your worship.
You were completely stuffed.

You visited 7 branches of the dungeon, and saw 36 of its levels.
You visited 1 bazaar.
You also visited: Labyrinth, Sewer, Ossuary and Bailey.

You collected 3437 gold pieces.
You spent 1665 gold pieces at shops.

Inventory:

Missiles
 B - 54 large rocks (quivered)
Armour
 f - +0 gold dragon scales
 j - a scarf of resistance
 k - a +2 cloak of invisibility (worn)
 A - the +0 large shield of Wawud (worn) {MR++}
   (Okawaru gifted it to you on level 1 of the Vaults)

   It affects your resistance to hostile enchantments.
 O - +6 fire dragon scales (worn)
 X - a +2 hat of see invisible (worn)
Jewellery
 p - an uncursed ring of protection from cold
 D - a +5 ring of protection (left claw)
 P - the ring "Mikhloiv" {rF+ Str+3 Dex+4}
   (You found it on level 6 of the Lair of Beasts)

   [ring of protection from fire]

   It affects your strength (+3).
   It affects your dexterity (+4).
   It protects you from fire.
 S - the ring of Fragile Peace {*Tele rElec rN+}
   (You found it on level 13 of the Dungeon)

   [ring of teleportation]

   It may teleport you next to monsters.
   It insulates you from electricity.
   It protects you from negative energy.
 T - a +3 ring of protection
 U - a ring of flight (right claw)
Wands
 c - a wand of iceblast (5/15)
 r - a wand of iceblast (2/15)
 u - a wand of digging (10/24)
 w - a wand of polymorph (18/24)
 E - a wand of iceblast (9/15)
 H - a wand of digging (12/24)
 Q - a wand of iceblast (10/15)
 R - a wand of disintegration (11/24)
 Y - a wand of iceblast (6/15)
Scrolls
 a - a scroll of magic mapping
 d - 2 scrolls of amnesia
 e - 2 scrolls of enchant weapon
 i - 4 scrolls of fog
 l - a scroll of recharging
 n - 11 scrolls of teleportation
 o - a scroll of silence
 s - 2 scrolls of summoning
 v - 8 scrolls of fear
 y - 6 scrolls of immolation
 L - 9 scrolls of remove curse
 M - a scroll of blinking
 N - 9 scrolls of identify
Potions
 m - 9 potions of flight
 q - a potion of haste
 t - a potion of curing
 x - 3 potions of cancellation
 z - 3 potions of mutation
 C - 4 potions of agility
 F - a potion of might
 G - 3 potions of brilliance
 I - 2 potions of magic
 K - 2 potions of ambrosia
Miscellaneous
 g - a lamp of fire
Comestibles
 b - 5 bread rations
 h - 40 fruits
 J - 7 meat rations
 V - 19 royal jellies
 W - 2 chunks of flesh


   Skills:
 + Level 14.5(18.0) Fighting
   Level 1.4(9.8) Slings
 - Level 11.9(15.6) Throwing
 - Level 10.7(14.4) Armour
 - Level 2.4(6.3) Dodging
 - Level 1.0(4.9) Stealth
 - Level 15.0(18.5) Shields
 + Level 18.5(22.0) Unarmed Combat
 - Level 5.5(4.5) Invocations
 - Level 9.3(8.1) Evocations


You had 19 spell levels left.
You didn't know any spells.

Dungeon Overview and Level Annotations

Branches:
Dungeon (15/15)            Temple (1/1) D:4            Lair (6/6) D:10
 Shoals (4/4) Lair:4        Snake (4/4) Lair:3          Orc (2/2) D:10
    Elf (0/3) Orc:2        Vaults (4/5) D:13          Crypt (0/3) Vaults:3
 Depths (0/5) D:15
  Slime: Lair:5-6

Altars:
Ashenzari
Cheibriados
Fedhas
Gozag
Hepliaklqana
Kikubaaqudgha
Nemelex Xobeh
Okawaru
Qazlal
Trog
Xom
Yredelemnul
Zin
The Shining One

Shops:
D:7 }   D:11 %   Orc:2 %([[   Shoals:2 }   Shoals:3 :   Vaults:2 *   Vaults:3 [

Annotations:
D:14 exclusion: Roxanne, Roxanne
Lair:5 exclusion: oklob plant
Vaults:4 Margery


Innate Abilities, Weirdness & Mutations

You are too large for most types of armour.
You have claws for hands.
Your metabolism is lightning-fast.
You like to eat raw meat.
Your natural rate of healing is unusually fast.
You are covered in fur. (AC +1)
You have very tough skin. (AC +2)


Message History

You block the wolf spider's attack. The wolf spider barely misses you.
You eviscerate the titan!!!
The titan is heavily wounded.
The titan hits you!!
* * * LOW HITPOINT WARNING * * *
An ironheart preserver comes into view. It is wielding a great mace.
Unknown command.
Okay, then.
Unknown command.
Okay, then.
Unknown command.
Okay, then.
Unknown command.
Blink to where?
Press: ? - help, Dir - move target cursor You are very lightly contaminated with residual magic.
As you read the scroll of blinking, it crumbles to dust.
Margery points at you and mumbles some strange words.
The bolt of fire hits you! You resist.
You die...

..##..##...##.....# #............
.##...#:...[#....# #............
##....##...##...##..#....########
.......##'##..C.'...#....+ #
...........c)a).'...#....# #
+##......##p##sp##..'....# #
##....##. #@.## #....# # ##..##.
#..###....# # #..#. #@...#....# #
#. # #....#....########
#####################............
.................................
.................................
.................................
.................................
#################################


You could see Margery, a titan, an entropy weaver, a hell knight and a wolf
spider.

Vanquished Creatures
  Bai Suzhen (Snake:4)
  Jorgrun (Vaults:1)
  Rupert (Orc:2)
  Polyphemus (Shoals:3)
  Gastronok (Lair:2)
  A tengu reaver (D:12)
  Donald (Snake:4)
  2 sphinxes
  2 storm dragons
  Ilsuiw (Shoals:4)
  7 nagarajas
  3 deep elf sorcerers
  An orc warlord (Orc:1)
  6 vault wardens
  A frost giant (D:12)
  5 stone giants
  12 ironheart preservers
  An entropy weaver (Vaults:2)
  A very ugly thing (Vaults:2)
  A deep elf annihilator (Vaults:2)
  7 merfolk javelineers (Shoals:4)
  An ettin (Vaults:4)
  A minotaur (Lab)
  5 fire dragons
  A deep elf death mage (Vaults:1)
  3 merfolk impalers
  3 great orbs of eyes
  4 ogre magi
  7 yaktaur captains
  A great orb of eyes (shapeshifter) (D:15)
  4 vault guards
  3 rakshasas (Vaults:2)
  Fannar (Lair:2)
  18 naga warriors
  12 hydras
  A catoblepas (Shoals:3)
  3 ice dragons
  11 centaur warriors
  2 alligator snapping turtles
  2 death knights
  3 merfolk avatars
  13 death yaks
  17 two-headed ogres
  5 merfolk aquamancers
  8 anacondas
  2 deep troll shamans
  3 satyrs
  4 orc high priests
  2 tengu warriors (D:14)
  Urug (Lair:2)
  4 deep troll earth magi
  6 shock serpents
  18 naga sharpshooters
  5 deep elf knights
  A fire crab (shapeshifter) (Vaults:2)
  10 sea snakes
  3 hell knights (Vaults:4)
  A storm dragon skeleton (Vaults:3)
  4 flayed ghosts (Vaults:3)
  12 skeletal warriors
  9 deep trolls
  An unseen horror (D:14)
  3 wizards
  6 deep elf archers
  6 naga ritualists
  An orange crystal statue (Snake:3)
  31 harpies
  3 necromancers
  17 deep elf magi
  15 orc knights
  6 ironbrand convokers
  A glowing orange brain (Vaults:3)
  10 mana vipers
  18 ugly things
  A harpy (shapeshifter) (Vaults:2)
  10 manticores
  A shadow dragon skeleton (Vaults:3)
  4 cyclopes
  4 orc sorcerers
  2 salamanders (Snake:4)
  6 fauns
  5 wolf spiders
  A tengu skeleton (Vaults:3)
  7 human skeletons (Vaults:3)
  8 water nymphs
  A stone giant skeleton (Vaults:3)
  2 frost giant skeletons (Vaults:3)
  3 elephants (Lair:6)
  33 black mambas
  12 merfolk sirens
  A guardian serpent (Snake:4)
  10 naga magi
  15 vault sentinels
  A torpor snail (Lair:3)
  3 gargoyles
  21 yaktaurs
  6 spiny frogs
  13 rime drakes
  A yaktaur (shapeshifter) (D:14)
  5 freezing wraiths
  5 komodo dragons
  4 trolls
  3 tengu conjurers (D:15)
  A yaktaur skeleton (Vaults:3)
  5 polar bears (Lair:6)
  19 merfolk
  3 meliai (D:12)
  A wind drake (Shoals:1)
  A meliai (shapeshifter) (D:11)
  23 slime creatures
  A queen bee (D:12)
  A queen bee (shapeshifter) (Vaults:1)
  8 hornets
  11 snapping turtles
  10 blink frogs
  Grinder (D:3)
  10 hippogriffs
  14 dream sheep
  A meliai zombie (D:15)
  A frost giant simulacrum (Vaults:3)
  Sigmund (D:3)
  8 water elementals
  A wraith (D:12)
  4 redbacks (Vaults:2)
  2 tarantellas (shapeshifter)
  13 spriggans (Lair:6)
  3 wyverns
  A shadow (D:14)
  56 yaks
  3 basilisks
  3 hungry ghosts
  Eustachio (D:5)
  5 vampire mosquitoes (D:14)
  7 steam dragons
  A yaktaur simulacrum (Vaults:2)
  9 wargs
  A warg (shapeshifter) (D:14)
  2 soldier ants
  53 nagas
  A naga (shapeshifter) (D:14)
  An acid dragon (D:14)
  13 water moccasins
  Duvessa (D:7)
  4 porcupines
  A deep troll skeleton (Vaults:3)
  48 orc warriors
  3 ice beasts
  An ettin simulacrum (Vaults:2)
  4 sky beasts
  16 ogres
  6 black bears
  2 eyes of draining
  27 wolves
  2 phantoms
  10 boggarts
  17 centaurs
  7 crocodiles
  5 big kobolds
  17 bullfrogs
  An earth elemental (Lab)
  Blork the orc (D:6)
  Dowan (D:7)
  A wyvern zombie (D:12)
  A hornet simulacrum (D:15)
  A water moccasin zombie (Ossuary)
  3 scorpions
  45 killer bees
  13 wights
  8 howler monkeys
  4 electric eels
  3 bullfrog zombies
  4 crimson imps
  5 centaur zombies
  7 hounds
  A human simulacrum (Vaults:2)
  23 orc wizards
  19 orc priests
  4 jellies
  2 bullfrog skeletons
  6 centaur skeletons
  Ijyb (D:3)
  11 worker ants
  9 iguanas
  A big kobold zombie (Ossuary)
  A hound skeleton (D:4)
  A howler monkey zombie (D:7)
  3 mummies
  4 worker ant zombies
  2 howler monkey skeletons (D:9)
  5 gnolls
  19 adders
  A shadow imp (D:7)
  5 oozes
  5 adder zombies
  4 adder skeletons
  7 worms
  A dart slug (D:1)
  4 leopard geckos
  109 orcs
  3 ball pythons
  18 bats
  10 giant cockroaches
  3 gnoll zombies (Ossuary)
  20 goblins
  10 hobgoblins
  13 jackals
  28 kobolds
  A quokka (D:3)
  8 frilled lizards
  A goblin zombie (D:4)
  6 hobgoblin zombies
  5 kobold zombies (Ossuary)
  11 orc zombies
  A quokka skeleton (D:4)
  2 quokka zombies
  7 rats
  A bush (Bazaar)
  3 plants
  4 tentacles (Shoals:2)
1549 creatures vanquished.

Vanquished Creatures (collateral kills)
  A hydra (Lair:1)
  A salamander (Snake:4)
  A water moccasin (Lair:2)
3 creatures vanquished.

Vanquished Creatures (others)
  A howler monkey (D:5)
  2 orc wizards
  3 orcs
  A bat (Shoals:2)
  3 fungi
  2 plants
  20 tentacles (Shoals:2)
32 creatures vanquished.

Grand Total: 1584 creatures vanquished

Notes
Turn   | Place    | Note
-------+----------+-------------------------------------------
     0 | D:1      | buckfaster the Troll Monk began the quest for the Orb.
     0 | D:1      | Reached XP level 1. HP: 22/22 MP: 0/0
     6 | D:1      | You fall through a shaft!
   159 | D:2      | Reached XP level 2. HP: 15/29 MP: 1/1
   288 | D:2      | Reached XP level 3. HP: 36/36 MP: 2/2
   354 | D:2      | Reached skill level 4 in Unarmed Combat
   875 | D:2      | Reached XP level 4. HP: 44/45 MP: 3/3
  1084 | D:1      | Found a sparkling altar of Nemelex Xobeh.
  2433 | D:3      | Noticed a bullfrog
  2443 | D:3      | Killed a bullfrog
  2443 | D:3      | Reached skill level 5 in Unarmed Combat
  2443 | D:3      | Reached XP level 5. HP: 27/53 MP: 4/4
  2465 | D:3      | Noticed Sigmund
  2505 | D:3      | Noticed Grinder
  2510 | D:3      | Paralysed by Grinder for 6 turns
  2521 | D:3      | Killed Grinder
  2521 | D:3      | Reached skill level 6 in Unarmed Combat
  2521 | D:3      | Reached XP level 6. HP: 41/62 MP: 5/5
  2662 | D:3      | Killed Sigmund
  2662 | D:3      | Reached XP level 7. HP: 67/70 MP: 6/6
  2754 | D:3      | Found a glowing drain.
  2764 | Sewer    | Entered a sewer
  2903 | Sewer    | Reached skill level 7 in Unarmed Combat
  3492 | D:3      | Noticed Ijyb
  3509 | D:3      | Killed Ijyb
  3618 | D:5      | Entered Level 5 of the Dungeon
  3817 | D:4      | Reached skill level 1 in Slings
  3854 | D:4      | Found a staircase to the Ecumenical Temple.
  3958 | Temple   | Entered the Ecumenical Temple
  3970 | Temple   | Became a worshipper of Warmaster Okawaru
  3970 | Temple   | Reached * piety under Okawaru
  3970 | Temple   | Reached ** piety under Okawaru
  4061 | D:4      | Reached skill level 1 in Shields
  4103 | D:4      | Found a sand-covered staircase.
  4110 | Ossuary  | Entered an ossuary
  4366 | D:4      | Reached XP level 8. HP: 79/79 MP: 7/7
  4529 | D:5      | Reached skill level 1 in Invocations
  4858 | D:5      | Noticed Eustachio
  4870 | D:5      | Killed Eustachio
  5086 | D:6      | Noticed Blork the orc
  5094 | D:6      | Killed Blork the orc
  5148 | D:6      | Reached skill level 8 in Unarmed Combat
  5759 | D:7      | Found Yriloc's Gadget Shop.
  5767 | D:7      | Reached XP level 9. HP: 79/85 MP: 10/10
  6331 | D:7      | Reached skill level 5 in Shields
  6422 | D:7      | Noticed Duvessa
  6422 | D:7      | Noticed Dowan
  6431 | D:7      | Killed Duvessa
  6431 | D:7      | Reached *** piety under Okawaru
  6435 | D:7      | Killed Dowan
  6661 | D:8      | Received a gift from Okawaru
  6672 | D:8      | Reached skill level 9 in Unarmed Combat
  6760 | D:8      | Reached **** piety under Okawaru
  6767 | D:8      | Reached XP level 10. HP: 86/94 MP: 10/12
  6815 | D:8      | Reached skill level 5 in Invocations
  7764 | D:9      | Found a glowing golden altar of the Shining One.
  8098 | D:9      | You fall through a shaft!
  8098 | D:10     | Entered Level 10 of the Dungeon
  8233 | D:10     | You fall through a shaft for 3 floors!
  8350 | D:13     | Noticed a fire dragon
  8358 | D:13     | Noticed a vault guard
  8362 | D:13     | Killed a fire dragon
  8362 | D:13     | Reached skill level 10 in Unarmed Combat
  8376 | D:13     | Killed a vault guard
  8376 | D:13     | Reached ***** piety under Okawaru
  8449 | D:13     | Found a gate to the Vaults.
  8486 | D:13     | Reached XP level 11. HP: 101/101 MP: 14/14
  8539 | D:12     | Received a gift from Okawaru
  8545 | D:12     | Reached skill level 1 in Armour
  8551 | D:12     | Reached skill level 5 in Fighting
  8678 | D:11     | Found Uliblo's Food Shop.
  8755 | D:11     | Reached skill level 11 in Unarmed Combat
  8795 | D:11     | Found a flagged portal.
  8801 | Bailey   | Entered a bailey
  8812 | Bailey   | Noticed an orc knight
  8936 | Bailey   | Killed an orc knight
  9503 | D:11     | Noticed a two-headed ogre
  9511 | D:11     | Killed a two-headed ogre
  9976 | D:12     | Reached skill level 1 in Evocations
 10232 | D:12     | Noticed a brown ugly thing
 10242 | D:12     | Killed a brown ugly thing
 10405 | D:12     | Reached XP level 12. HP: 83/114 MP: 12/15
 10429 | D:12     | Received a gift from Okawaru
 10540 | D:12     | Reached skill level 5 in Evocations
 10629 | D:12     | Noticed a frost giant
 10631 | D:12     | Noticed a tengu reaver
 10635 | D:12     | Killed a frost giant
 10658 | D:12     | Killed a tengu reaver
 10658 | D:12     | Received a gift from Okawaru
 10667 | D:12     | Got a slimy quarterstaff {god gift}
 10690 | D:12     | Identified the +7 quarterstaff "Domerual" {freeze, rC- Int+6} (Okawaru gifted it to you on level 12 of the Dungeon)
 11565 | D:10     | Found a staircase to the Orcish Mines.
 11578 | D:10     | Found a staircase to the Lair.
 11584 | D:10     | Noticed a two-headed ogre
 11593 | D:10     | Killed a two-headed ogre
 12072 | Lair:1   | Entered Level 1 of the Lair of Beasts
 12149 | Lair:1   | Noticed a seven-headed hydra
 12157 | Lair:1   | Killed an eight-headed hydra
 12280 | Lair:1   | Noticed a six-headed hydra
 12285 | Lair:1   | Killed a seven-headed hydra
 12415 | Lair:1   | Noticed a five-headed hydra
 12420 | Lair:1   | Noticed a sphinx
 12420 | Lair:1   | a five-headed hydra changed into a sphinx
 12425 | Lair:1   | Paralysed by a sphinx for 7 turns
 12436 | Lair:1   | Killed a sphinx
 12436 | Lair:1   | Received a gift from Okawaru
 12436 | Lair:1   | Reached ****** piety under Okawaru
 12436 | Lair:1   | Received a gift from Okawaru
 12700 | Lair:2   | Reached XP level 13. HP: 94/120 MP: 18/18
 12722 | Lair:2   | Noticed Fannar
 12740 | Lair:2   | Killed Fannar
 12740 | Lair:2   | Received a gift from Okawaru
 12756 | Lair:2   | Noticed Gastronok
 12781 | Lair:2   | Killed Gastronok
 12781 | Lair:2   | Received a gift from Okawaru
 12790 | Lair:2   | Got a brightly glowing eveningstar {god gift}
 12791 | Lair:2   | Identified the +1 eveningstar of Annoyance {crush, rElec rF++} (Okawaru gifted it to you on level 2 of the Lair of Beasts)
 12872 | Lair:2   | Found a labyrinth entrance.
 12878 | Lab      | Entered a labyrinth
 13027 | Lab      | Noticed a minotaur
 13040 | Lab      | Killed a minotaur
 13051 | Lab      | Identified the Collected Works on the Traveller
 13141 | Lair:2   | Noticed Urug
 13152 | Lair:2   | Killed Urug
 13152 | Lair:2   | Reached skill level 12 in Unarmed Combat
 13397 | Lair:3   | Received a gift from Okawaru
 13837 | Lair:3   | Found a staircase to the Snake Pit.
 14224 | Lair:4   | Reached skill level 13 in Unarmed Combat
 14559 | Lair:4   | Found a staircase to the Shoals.
 15922 | Lair:5   | Received a gift from Okawaru
 15922 | Lair:5   | Reached XP level 14. HP: 140/140 MP: 12/19
 16223 | Lair:6   | Entered Level 6 of the Lair of Beasts
 16294 | Lair:6   | Reached skill level 14 in Unarmed Combat
 16551 | Lair:6   | Got a pitted copper ring
 16697 | Lair:6   | Reached skill level 10 in Fighting
 16998 | Lair:6   | Received a gift from Okawaru
 17181 | Lair:6   | Identified the ring "Mikhloiv" {rF+ Str+3 Dex+4} (You found it on level 6 of the Lair of Beasts)
 18086 | Orc:1    | Entered Level 1 of the Orcish Mines
 18101 | Orc:1    | Noticed an orc warlord
 18107 | Orc:1    | Reached skill level 15 in Unarmed Combat
 18120 | Orc:1    | Killed an orc warlord
 18339 | Orc:2    | Entered Level 2 of the Orcish Mines
 18349 | Orc:2    | Noticed Rupert
 18381 | Orc:2    | Killed Rupert
 18565 | Orc:2    | Reached XP level 15. HP: 126/153 MP: 20/20
 18638 | Orc:2    | Found Keuxas's Food Emporium.
 18638 | Orc:2    | Found Ruucvel's Antique Armour Shop.
 18662 | Orc:2    | Found Viubeism's Armour Shop.
 18662 | Orc:2    | Found Melocoet's Antique Weapon Emporium.
 18989 | Orc:2    | Found a staircase to the Elven Halls.
 19578 | D:13     | Got a scintillating wooden ring
 19631 | D:13     | Identified the ring of Fragile Peace {*Tele rElec rN+} (You found it on level 13 of the Dungeon)
 19911 | D:13     | Received a gift from Okawaru
 20241 | D:14     | Reached skill level 5 in Armour
 20442 | D:14     | Found an opulent altar of Gozag.
 20720 | D:14     | Noticed Roxanne
 21174 | D:14     | Reached skill level 16 in Unarmed Combat
 21706 | D:15     | Entered Level 15 of the Dungeon
 22455 | D:15     | Received a gift from Okawaru
 22461 | D:15     | Found a staircase to the Depths.
 22966 | Snake:1  | Entered Level 1 of the Snake Pit
 22982 | Snake:1  | Reached XP level 16. HP: 163/166 MP: 21/21
 23251 | Snake:1  | Received a gift from Okawaru
 24371 | Snake:2  | Identified a scroll of acquirement
 24858 | Snake:2  | Found a blossoming altar of Fedhas.
 25991 | Snake:3  | Reached skill level 17 in Unarmed Combat
 25996 | Snake:3  | Found a gateway to a bazaar.
 26029 | Bazaar   | Entered a bazaar
 26029 | Bazaar   | Found Ussumeud's General Store.
 26029 | Bazaar   | Found Lideatamp's Book Boutique.
 26029 | Bazaar   | Found Raocw's Food Boutique.
 26029 | Bazaar   | Found Soes's Armour Shop.
 26218 | Bazaar   | Bought a scroll of fear for 42 gold pieces
 26218 | Bazaar   | Bought a scroll of identify for 24 gold pieces
 26568 | Snake:3  | Found a shattered altar of Ashenzari.
 26599 | Snake:4  | Entered Level 4 of the Snake Pit
 27027 | Snake:4  | Noticed Donald
 27046 | Snake:4  | Killed Donald
 27046 | Snake:4  | Received a gift from Okawaru
 27058 | Snake:4  | Got a slimy hat {god gift}
 27069 | Snake:4  | Identified the +1 hat "Kyneps" {rF- MR- rCorr SInv} (Okawaru gifted it to you on level 4 of the Snake Pit)
 27590 | Snake:4  | Reached XP level 17. HP: 144/178 MP: 14/22
 28458 | Snake:4  | Reached skill level 10 in Armour
 28810 | Snake:4  | Noticed Bai Suzhen
 28916 | Snake:4  | Killed Bai Suzhen
 28916 | Snake:4  | Reached skill level 18 in Unarmed Combat
 29141 | Snake:4  | Got a serpentine rune of Zot
 29396 | Shoals:1 | Entered Level 1 of the Shoals
 30321 | Shoals:1 | Received a gift from Okawaru
 30942 | Shoals:2 | Reached skill level 1 in Throwing
 31416 | Shoals:2 | Found Helymoss's Gadget Shop.
 31452 | Shoals:2 | Noticed a kraken
 31475 | Shoals:2 | HP: 7/180 [tentacle[a kraken] (12)]
 31714 | Shoals:2 | Reached XP level 18. HP: 189/189 MP: 23/23
 31843 | Shoals:3 | Received a gift from Okawaru
 31882 | Shoals:3 | Noticed Polyphemus
 31915 | Shoals:3 | Killed Polyphemus
 31915 | Shoals:3 | Reached skill level 5 in Throwing
 32289 | Shoals:3 | Found Ampyonul's Book Shoppe.
 32628 | Shoals:4 | Entered Level 4 of the Shoals
 33251 | Shoals:3 | Received a gift from Okawaru
 33520 | Shoals:4 | Noticed Ilsuiw
 33549 | Shoals:4 | Killed Ilsuiw
 34085 | Shoals:4 | Got a barnacled rune of Zot
 34758 | Vaults:1 | Entered Level 1 of the Vaults
 34785 | Vaults:1 | Reached skill level 10 in Throwing
 34799 | Vaults:1 | Received a gift from Okawaru
 34802 | Vaults:1 | Paralysed by an ogre mage for 5 turns
 35498 | Vaults:1 | Noticed Jorgrun
 35510 | Vaults:1 | Killed Jorgrun
 35510 | Vaults:1 | Received a gift from Okawaru
 35641 | Vaults:1 | Received a gift from Okawaru
 36102 | Vaults:1 | Received a gift from Okawaru
 36102 | Vaults:1 | Reached XP level 19. HP: 137/197 MP: 21/24
 36117 | Vaults:1 | Got a shimmering large shield {god gift}
 36128 | Vaults:1 | Identified the +0 large shield of Wawud {MR++} (Okawaru gifted it to you on level 1 of the Vaults)
 36906 | Vaults:2 | Reached skill level 10 in Shields
 37934 | Vaults:2 | Found Isiv's General Store.
 37974 | Vaults:2 | Bought a scroll of acquirement for 1092 gold pieces
 37975 | Vaults:2 | Got distressingly furry storm dragon scales
 37986 | Vaults:2 | Identified the +0 storm dragon scales of Lotosot {*Slow rElec rC+++ Stlth-} (You acquired it on level 2 of the Vaults)
 38186 | Vaults:2 | Received a gift from Okawaru
 38222 | Vaults:2 | Received a gift from Okawaru
 38263 | Vaults:2 | Received a gift from Okawaru
 38876 | Vaults:3 | Found Ytateduemu's Antique Armour Boutique.
 38882 | Vaults:3 | Bought a runed cloak for 262 gold pieces
 38903 | Vaults:3 | Bought a runed hat for 245 gold pieces
 39235 | Vaults:3 | Received a gift from Okawaru
 39378 | Vaults:3 | Received a gift from Okawaru
 39395 | Vaults:3 | Reached XP level 20. HP: 105/206 MP: 23/25
 39671 | Vaults:3 | Found a staircase to the Crypt.
 40288 | Vaults:3 | Received a gift from Okawaru
 40485 | Vaults:3 | Received a gift from Okawaru
 40749 | Vaults:4 | Received a gift from Okawaru
 40751 | Vaults:4 | Reached skill level 15 in Shields
 40880 | Vaults:4 | Received a gift from Okawaru
 41139 | Vaults:4 | Noticed Margery
 41163 | Vaults:4 | Killed from afar by Margery

Vault maps used:
D:1:      dpeg_arrival_arbitrary_a, nemelex_diamond_rough_becter
D:2:      first_bread
D:3:      kennysheep_goblin_castle, portal_sewer_entry_d, uniq_sigmund,
          uniq_grinder
D:4:      minmay_temple_entry_hall, nicolae_ossuary_entry_giza
D:5:      lemuel_flamethrower_2, uniq_eustachio
D:6:      uniq_prince_ribbit1, uniq_blork_the_orc
D:7:      serial_shops, nicolae_shop_waterfront, uniq_duvessa
D:9:      nicolae_tso_carved_into_rock
D:10:     dpeg_oklobed_lair, orc_0_dummy
D:11:     enter_bailey_3, serial_shops, nicolae_shop_statue_plus
D:12:     regret_index_tunnel_blossom
D:13:     david_vaults_5, hangedman_ranch
D:14:     lemuel_traditional_vault, nrook_uturn, grunt_gozag_statues,
          uniq_roxanne
D:15:     hangedman_depths_entry_try_elsewhere_first,
          hangedman_decor_diamond_cutter, due_unseen_surprise
Temple:   compressed_dpeg_triangle_lava_temple
Lair:2:   lab_entry_generic, uniq_fannar, uniq_gastronok, uniq_urug
Lair:3:   minmay_snake_entry_six_corridors, grunt_megastairs_5,
          lemuel_fruit_tree, infiniplex_staircase_pool_2
Lair:4:   shoals_dummy_entry, nicolae_quartered_pool_little
Lair:5:   minmay_slime_entry_oklob_enclosed
Lair:6:   minmay_lair_end_enchanted_forest, bobbens_dragon_lair_wall
Shoals:2: serial_shops, nicolae_shop_behind_doors,
          nicolae_shoals_siren_and_animal_friends
Shoals:3: serial_shops, nicolae_shop_trees, uniq_polyphemus
Shoals:4: shoals_end_hangedman, shoals_ilsuiw_alternative
Snake:2:  basic_altar, serial_bayou_ford_a, serial_bayou_pond_d, spider_trap
Snake:3:  basic_altar, serial_shops, statue_bzr
Snake:4:  minmay_snake_end_coiled, grunt_ministairs_1, uniq_bai_suzhen,
          uniq_donald
Orc:1:    serial_shops, nicolae_shop_competitors_out_of_business
Orc:2:    grunt_orc_tribal_feast, uniq_rupert
Vaults:1: nicolae_vaults_network_periphery, grunt_vaults_trifunnel,
          nicolae_vaults_circle_grid_a, vaults_room_ringed_pool,
          hangedman_vaults_stitches, vaults_room_door_ring,
          nicolae_vaults_specimen_jars, uniq_jorgrun
Vaults:2: ontoclasm_vaults_loading_screen, vaults_dpeg_doors,
          ontoclasm_vaults_hangar, nicolae_vaults_ninety_degrees, v_rooms_3,
          grunt_vaults_twisty, v_misc_2, ontoclasm_vaults_spin,
          grunt_vaults_swirl, vaults_mumra_lcd, hangedman_vaults_corner_blocks,
          serial_shops, shop
Vaults:3: v_alt_pattern_3, nicolae_vaults_fighting_squares,
          nicolae_vaults_network_s, nicolae_vaults_network_star,
          hangedman_vaults_restitches, dpeg_vaults_monster_box,
          vaults_room_corners, vaults_room_pool,
          minmay_crypt_entry_skeletal_spiral, vaults_mumra_hexcomb,
          v_alt_pattern_3, v_misc_22, nicolae_vaults_back_hallway, v_misc_25,
          vaults_dpeg_hooks, serial_shops, shop
Vaults:4: st_octagons_1, hangedman_vaults_nodes, v_misc_26,
          nicolae_vaults_diagonal_hallway_7, v_misc_27, ontoclasm_vaults_fault,
          uniq_margery, uniq_boris
Lab:      nicolae_lab_dead_adventurers, nicolae_lab_flowing_pool,
          nicolae_lab_very_dead_end
Bazaar:   bazaar_minmay_trees
Sewer:    sewer_fruit_machine
Ossuary:  ossuary_tomb_2
Bailey:   bailey_axe_4, bailey

Skill      XL: |  1  2  3  4  5  6  7  8  9 10 11 12 13 14 15 16 17 18 19 20 |
---------------+-------------------------------------------------------------+-----
Unarmed Combat | 4 5 6 7 8 9 10 11 13 15 16 17 18 | 18.5
Fighting       | 3 4 6 9 11 12 13 14 | 14.5
Slings         | 1 |  1.4
Shields        | 1 4 6 9 13 15 | 15.0
Invocations    | 3 4 5 |  5.5
Armour         | 3 7 9 10 | 10.7
Evocations     | 4 9 |  9.3
Throwing       | 3 11 | 11.9
Dodging        | |  2.4
Stealth        | |  1.0

Action                   |  1- 3 |  4- 6 |  7- 9 | 10-12 | 13-15 | 16-18 | 19-21 || total
-------------------------+-------+-------+-------+-------+-------+-------+-------++-------
Melee: Unarmed           |    82 |   110 |   417 |   884 |  1349 |  1494 |  1050 ||  5386
       Punch             |     2 |       |     3 |       |       |     1 |       ||     6
       Hunting sling     |       |       |    35 |       |       |       |       ||    35
 Fire: Hunting sling     |       |       |    65 |       |       |       |       ||    65
Throw: Stone             |     4 |       |       |       |       |       |       ||     4
       Large rock        |       |       |       |       |       |     4 |     1 ||     5
Invok: Heroism           |       |       |    11 |    21 |    40 |    59 |    25 ||   156
       Finesse           |       |       |       |     2 |    13 |    11 |     2 ||    28
 Abil: Evoke Flight      |       |       |       |       |       |     3 |       ||     3
Evoke: Wand              |       |       |       |     2 |     2 |       |       ||     4
       Lamp of fire      |       |       |       |     1 |     3 |     1 |       ||     5
       Phantom mirror    |       |       |       |     1 |       |       |       ||     1
       Box of beasts     |       |       |       |       |     1 |     1 |       ||     2
  Use: Potion            |     1 |       |    10 |     7 |    11 |    25 |     4 ||    58
       Scroll            |       |     4 |    17 |    11 |    14 |    27 |     3 ||    76
 Stab: Sleeping          |     2 |     3 |     5 |       |       |       |       ||    10
       Invisible         |       |       |       |       |     8 |       |       ||     8
  Eat: Chunk             |    12 |    14 |    34 |    52 |    88 |    68 |    40 ||   308
       Bread ration      |       |       |     2 |     2 |       |    12 |       ||    16
       Fruit             |       |       |       |       |     1 |       |       ||     1
       Meat ration       |       |       |       |       |       |       |     2 ||     2
Armor: Robe              |    47 |    53 |   163 |    44 |       |       |       ||   307
       Skin              |       |       |    37 |       |       |       |       ||    37
       Fire dragon scale |       |       |       |   290 |   633 |   694 |   285 ||  1902
Dodge: Dodged            |    64 |    72 |   197 |   247 |   380 |   478 |   160 ||  1598
Block: Shield            |       |       |   160 |   588 |   926 |  1126 |     6 ||  2806
       Large shield      |       |       |       |       |       |       |   792 ||   792

Table legend:
 A = Spawn XP
 B = Non-spawn XP
 C = Spawn XP percentage of total XP
 D = Spawn monster count
 E = Non-spawn monster count
 F = Spawn count percentage of total count
 G = Total turns spent on level
                    A         B        C        D         E        F      G
               +---------+---------+-------+---------+---------+-------+---------
         Total |       0 |  541690 |   0.0 |       0 |    1544 |   0.0 | 41163
               +---------+---------+-------+---------+---------+-------+---------
           D:1 |       0 |      47 |   0.0 |       0 |      24 |   0.0 |  1110
           D:2 |       0 |     100 |   0.0 |       0 |      29 |   0.0 |   972
           D:3 |       0 |     692 |   0.0 |       0 |      27 |   0.0 |   978
           D:4 |       0 |     333 |   0.0 |       0 |      15 |   0.0 |   684
           D:5 |       0 |     471 |   0.0 |       0 |      26 |   0.0 |   569
           D:6 |       0 |     773 |   0.0 |       0 |      16 |   0.0 |   502
           D:7 |       0 |     770 |   0.0 |       0 |      20 |   0.0 |  1038
           D:8 |       0 |    2455 |   0.0 |       0 |      30 |   0.0 |   678
           D:9 |       0 |    1550 |   0.0 |       0 |      20 |   0.0 |   818
          D:10 |       0 |    2838 |   0.0 |       0 |      38 |   0.0 |   944
          D:11 |       0 |    2918 |   0.0 |       0 |      35 |   0.0 |   929
          D:12 |       0 |   14170 |   0.0 |       0 |      94 |   0.0 |  1755
          D:13 |       0 |   10106 |   0.0 |       0 |      54 |   0.0 |  1349
          D:14 |       0 |   23665 |   0.0 |       0 |      54 |   0.0 |  1483
          D:15 |       0 |   11697 |   0.0 |       0 |      39 |   0.0 |  1095
        Lair:1 |       0 |    5217 |   0.0 |       0 |      14 |   0.0 |   637
        Lair:2 |       0 |    5631 |   0.0 |       0 |      12 |   0.0 |   451
        Lair:3 |       0 |   11188 |   0.0 |       0 |      51 |   0.0 |  1109
        Lair:4 |       0 |    2479 |   0.0 |       0 |      11 |   0.0 |  1036
        Lair:5 |       0 |   10231 |   0.0 |       0 |      28 |   0.0 |  1044
        Lair:6 |       0 |   24765 |   0.0 |       0 |      91 |   0.0 |  1736
      Shoals:1 |       0 |   15972 |   0.0 |       0 |      31 |   0.0 |  1454
      Shoals:2 |       0 |   15214 |   0.0 |       0 |      28 |   0.0 |  1319
      Shoals:3 |       0 |   23276 |   0.0 |       0 |      39 |   0.0 |  1468
      Shoals:4 |       0 |   27207 |   0.0 |       0 |      44 |   0.0 |   860
       Snake:1 |       0 |   15624 |   0.0 |       0 |      33 |   0.0 |  1316
       Snake:2 |       0 |    6972 |   0.0 |       0 |      11 |   0.0 |  1228
       Snake:3 |       0 |   19639 |   0.0 |       0 |      34 |   0.0 |   959
       Snake:4 |       0 |   63999 |   0.0 |       0 |      99 |   0.0 |  2687
         Orc:1 |       0 |    3086 |   0.0 |       0 |      19 |   0.0 |   264
         Orc:2 |       0 |   14162 |   0.0 |       0 |      73 |   0.0 |   771
      Vaults:1 |       0 |   40740 |   0.0 |       0 |      67 |   0.0 |  2030
      Vaults:2 |       0 |   61772 |   0.0 |       0 |     101 |   0.0 |  2085
      Vaults:3 |       0 |   75032 |   0.0 |       0 |     124 |   0.0 |  1864
      Vaults:4 |       0 |   23651 |   0.0 |       0 |      28 |   0.0 |   426
           Lab |       0 |    1652 |   0.0 |       0 |       3 |   0.0 |   190
         Sewer |       0 |      69 |   0.0 |       0 |      24 |   0.0 |   503
       Ossuary |       0 |     186 |   0.0 |       0 |      31 |   0.0 |   224
        Bailey |       0 |    1341 |   0.0 |       0 |      27 |   0.0 |   377
               +---------+---------+-------+---------+---------+-------+---------
